 Dungeon Crawl Stone Soup version 0.26.1-11-gd32895ea62 (webtiles) character file.

Game seed: 2556254861964010213

294 openice22 the Chopper (level 6, -1/53 HPs)
             Began as a Hill Orc Fighter on June 1, 2021.
             Slain by an orc warrior
             ... wielding a +0 war axe
              (4 damage)
             ... on level 4 of the Dungeon.
             The game lasted 00:26:51 (3958 turns).

openice22 the Chopper (Hill Orc Fighter)            Turns: 3958, Time: 00:26:51

Health: -1/53      AC:  7    Str: 21    XL:     6   Next: 34%
Magic:  6/6        EV:  8    Int:  8    God:
Gold:   164        SH:  9    Dex: 10    Spells: 5/5 levels left

rFire    . . .     SeeInvis .   a - +0 war axe
rCold    . . .     Faith    .   c - +0 kite shield
rNeg     . . .     Spirit   .   b - +0 scale mail
rPois    .         Reflect  .   (no helmet)
rElec    .         Harm     .   (no cloak)
rCorr    .         Rampage  .   (no gloves)
Will     .....                  (no boots)
Stlth    ..........             (no amulet)
HPRegen  0.17/turn              (no ring)
MPRegen  0.10/turn              (no ring)

@: no status effects
A: no striking features
a: Convert to Beogh


You were on level 4 of the Dungeon.
You visited 1 branch of the dungeon, and saw 4 of its levels.

You collected 164 gold pieces.

Inventory:

Hand Weapons
 a - a +0 war axe (weapon)
 f - a +0 dagger
 j - a +0 whip
 l - a +0 dagger
 n - a +0 short sword of draining
 p - a +0 flail
 r - a +0 hand axe
 s - a +1 whip of venom
 t - a +0 whip
 v - a cursed +0 halberd
 D - a +0 giant club
Missiles
 e - 73 stones (quivered)
 m - 52 sling bullets
 u - 7 atropa-tipped darts
Armour
 b - a +0 scale mail (worn)
 c - a +0 kite shield (worn)
Wands
 w - a wand of digging (5)
 x - a wand of enslavement (8)
Scrolls
 g - 2 scrolls of enchant armour {unknown}
 h - 2 scrolls of enchant weapon {unknown}
 i - a scroll of identify {unknown}
 k - 3 scrolls of teleportation {unknown}
 y - a scroll of fear {unknown}
 z - 2 scrolls of remove curse {unknown}
 C - a scroll of magic mapping {unknown}
Potions
 d - a potion of might
 o - a potion of cancellation {unknown}
 q - 2 potions of curing {unknown}
 A - a potion of heal wounds {unknown}
 B - a potion of resistance {unknown}


   Skills:
 + Level 4.7 Fighting
 + Level 5.7 Axes
 + Level 4.6 Armour
 + Level 1.0 Dodging
 + Level 0.2 Stealth
 + Level 4.0 Shields


You had 5 spell levels left.
You didn't know any spells.
Your spell library contained the following spells:

 Spells                   Type           Power        Failure   Level
 Beastly Appendage        Tmut           0%           99%         1
 Wereblood                Tmut           0%           100%        2
 Spider Form              Tmut/Pois      0%           100%        3
 Ice Form                 Ice/Tmut       0%           100%        4
 Blade Hands              Tmut           0%           100%        5


Dungeon Overview and Level Annotations

Branches:
Dungeon (4/15)
 Temple: D:4-7

Altars:
Kikubaaqudgha
Wu Jian
The Shining One

Annotations:
D:1 exit top left
D:2 escape hatch down, hatch up. fully explored
D:3 explored


Message History

The orc hits you but does no damage. You block the orc warrior's attack.
You hit the orc warrior but do no damage.
You slash the orc!
You kill the orc!
The orc priest mumbles some strange prayers to Beogh against the orc.
Beogh smites you!
The orc warrior hits you with a +0 war axe.
You closely miss the orc warrior.
The orc warrior hits you but does no damage.
You barely miss the orc warrior.
The orc warrior hits you with a +0 war axe!
* * * LOW HITPOINT WARNING * * *
You closely miss the orc warrior.
The orc warrior hits you with a +0 war axe!
* * * LOW HITPOINT WARNING * * *
You barely miss the orc warrior. You block the orc warrior's attack.
You hit the orc warrior.
The orc warrior is lightly wounded.
The orc warrior hits you with a +0 war axe.
You die...

......#### ........#
........# ........#
#######.......#
#.#..##......<#
##)##.#.......#
#@#)##..#+#
#o8o#.###.#.#...#
#o.8... #.#.#...# ##
#....#.##.#.#...###.
...#.####†..#.......
.... ## #.).###.....
###.# ###...........
....................
.#.............†..


You could see an orc warrior, an orc priest and an orc.

Vanquished Creatures
  An ogre (D:4)
  Jessica (D:2)
  An orc wizard (D:4)
  A worker ant (D:4)
  A hound skeleton (D:3)
  6 adders
  An adder zombie (D:3)
  An adder skeleton (D:3)
  A worm (D:3)
  A dart slug (D:2)
  A leopard gecko (D:1)
  3 orcs (D:4)
  3 ball pythons
  A bat (D:2)
  A giant cockroach (D:2)
  6 hobgoblins
  3 jackals (D:3)
  6 frilled lizards
  A giant cockroach zombie (D:3)
  10 goblins
  6 kobolds
  2 rats
58 creatures vanquished.

Notes
Turn   | Place    | Note
-------+----------+-------------------------------------------
     0 | D:1      | openice22 the Hill Orc Fighter began the quest for the Orb.
     0 | D:1      | Reached XP level 1. HP: 19/19 MP: 1/1
   264 | D:1      | Reached skill level 3 in Axes
   264 | D:1      | Reached XP level 2. HP: 27/27 MP: 2/2
  1420 | D:2      | Noticed Jessica
  1436 | D:2      | Killed Jessica
  1437 | D:2      | Reached XP level 3. HP: 14/33 MP: 3/3
  1685 | D:2      | Reached XP level 4. HP: 35/40 MP: 4/4
  2254 | D:2      | Reached skill level 4 in Axes
  3053 | D:3      | Found a glowing golden altar of the Shining One.
  3093 | D:3      | Reached XP level 5. HP: 43/46 MP: 5/5
  3171 | D:3      | Found a faded altar of an unknown god.
  3355 | D:3      | Found an ornate altar of the Wu Jian Council.
  3358 | D:3      | Found an ancient bone altar of Kikubaaqudgha.
  3503 | D:3      | Reached skill level 5 in Axes
  3626 | D:4      | Noticed an ogre
  3638 | D:4      | Killed an ogre
  3639 | D:4      | Reached XP level 6. HP: 22/53 MP: 6/6
  3840 | D:4      | Reached skill level 1 in Dodging
  3949 | D:4      | Noticed an orc warrior
  3958 | D:4      | Slain by an orc warrior

Illustrated notes

Levels and vault maps discovered:
D:1:      sevenhm_arrival_forest_fort_large_2, layout_basic
D:2:      layout_basic, grunt_decor_mini_mirrors, due_unseen_surprise,
          uniq_jessica
D:3:      layout_rooms, lemuel_round_altar,
          chequers_temple_overflow_statue_of_worship, serial_undead,
          serial_undead_f, serial_undead_b, serial_undead_b, serial_undead_f,
          chequers_ecumenical_altar_island
D:4:      layout_basic, tgw_sif, nzn_hepliaklqana_mist_gate,
          nemelex_xobeh_ov_fountains_minmay, gup_sewer_entry_glass,
          guppyfry_early_orc_mine

Skill      XL: |  1  2  3  4  5  6 |
---------------+-------------------+-----
Axes           | 3 4 5 |  5.7
Fighting       | 4 |  4.7
Armour         | 4 |  4.6
Shields        | 4 |  4.0
Dodging        | 1 |  1.0
Stealth        | |  0.2

Action                   |  1- 3 |  4- 6 || total
-------------------------+-------+-------++-------
Melee: War axe           |    65 |   169 ||   234
Armor: Scale mail        |    35 |    59 ||    94
Dodge: Dodged            |    23 |    53 ||    76
Block: Kite shield       |    30 |    69 ||    99
